 Dungeon Crawl Stone Soup version 0.28-a0-1510-gd0f6b136d3 (webtiles) character file.

Game seed: 10934407704317658703

18 Hasart the Insei (level 2, -1/18 HPs)
             Began as an Octopode Transmuter on Jan 15, 2022.
             Slain by a ball python (3 damage)
             ... on level 1 of the Dungeon.
             The game lasted 00:00:32 (404 turns).

Hasart the Insei (Octopode Transmuter)               Turns: 404, Time: 00:00:33

Health: -1/18      AC:  1    Str:  9    XL:     2   Next: 66%
Magic:  4/5        EV: 13    Int: 15    God:
Gold:   17         SH:  0    Dex: 12    Spells: 4/5 levels left

rFire   . . .      SeeInvis .     - Unarmed
rCold   . . .      Faith    .   (no shield)
rNeg    . . .      Spirit   .   (helmet currently unavailable)
rPois   .          Reflect  .   (no amulet)
rElec   .          Harm     .   (no ring)
rCorr   .          Rampage  .   (no ring)
Will    .....                   (no ring)
Stlth   ++........              (no ring)
HPRegen 0.06/turn               (no ring)
MPRegen 0.09/turn               (no ring)
                                (no ring)
                                (no ring)

@: appendages (expiring)
A: tentacle spike 3, almost no armour, amphibious, 8 rings, camouflage 1,
gelatinous body 1, (nimble swimmer 1), tentacles
a: End Transformation


You were on level 1 of the Dungeon.
One of your tentacles had grown a beastly spike.
You visited 1 branch of the dungeon, and saw 1 of its levels.

You collected 17 gold pieces.

Inventory:

Scrolls
 b - a scroll of identify {unknown}
 c - a scroll of immolation {unknown}
Potions
 a - 2 potions of brilliance {unknown}


   Skills:
 + Level 1.3 Fighting
 + Level 2.1 Dodging
 * Level 3.3 Unarmed Combat
 + Level 2.1 Spellcasting
 + Level 2.2 Transmutations


You had 4 spell levels left.
You knew the following spells:

 Your Spells              Type           Power      Damage    Failure   Level
a - Beastly Appendage     Tmut           16%        N/A       9%          1

Your spell library contained the following spells:

 Spells                   Type           Power      Damage    Failure   Level
 Wereblood                Tmut           8%         N/A       13%         2
 Spider Form              Tmut/Pois      4%         N/A       38%         3
 Ice Form                 Ice/Tmut       4%         N/A       80%         4


Dungeon Overview and Level Annotations

Branches:
Dungeon (1/15)

Altars:


Innate Abilities, Weirdness & Mutations

One of your tentacles has grown a beastly spike.
You cannot wear most types of armour.
You are amphibious.
You can wear up to eight rings at the same time.
Your skin changes colour to match your surroundings (Stealth+).
Your rubbery body absorbs attacks. (AC +1, EV +1)
((You are camouflaged when in or above water. (Stealth+)))
You have tentacles for arms and can constrict up to eight enemies at once.


Message History

You tentacle-slap the ball python.
You kill the ball python!
You see here a ball python corpse.
You open the door.
There is an open door here.
A ball python comes into view.
Found a faded altar of an unknown god.
A ball python is nearby!
A gnoll comes into view. It is wielding a +0 flail.
Found a dagger.
The ball python hisses angrily.
The gnoll shouts!
A ball python comes into view.
The ball python hisses angrily.
You hear an angry hiss.
Casting: Beastly Appendage (safe; 10% risk of failure)
Confirm with . or Enter, or press ? or * to list all spells.
One of your tentacles grows a vicious spike.
The gnoll hits you with a +0 flail!
A ball python comes into view. x2
You tentacle-slap the gnoll but do no damage.
Your grab misses the gnoll. You squeeze the gnoll.
The gnoll is moderately wounded.
The gnoll misses you.
You barely miss the gnoll. You grab the gnoll.
The gnoll is moderately wounded.
Your transformation is almost over.
You constrict the gnoll, but do no damage.
The gnoll hits you with a +0 flail.
You tentacle-slap the gnoll but do no damage.
You pierce the gnoll, but do no damage.
The gnoll is moderately wounded.
You constrict the gnoll. The gnoll hits you with a +0 flail.
* * * LOW HITPOINT WARNING * * *
You tentacle-slap the gnoll but do no damage.
You pierce the gnoll.
You squeeze the gnoll!
You kill the gnoll!
The ball python hisses angrily.
You tentacle-slap the ball python. You grab the ball python.
The ball python is moderately wounded.
You constrict the ball python. The ball python bites you.
You die...

#......#
#......#
#......#
#......#
#...†[.#
#......#
#......#
##'#####
#@#
###S#
#.S##
##..#
.....
...#.##
...###.
._.# #.
.... .#


You could see 2 ball pythons.

Vanquished Creatures
  A gnoll (D:1)
  An endoplasm (D:1)
  A quokka (D:1)
  3 ball pythons (D:1)
  A bat (D:1)
  A frilled lizard (D:1)
  2 rats (D:1)
10 creatures vanquished.

Notes
Turn   | Place    | Note
-------+----------+-------------------------------------------
     0 | D:1      | Hasart the Octopode Transmuter began the quest for the Orb.
     0 | D:1      | Reached XP level 1. HP: 13/13 MP: 3/3
   379 | D:1      | Reached XP level 2. HP: 18/18 MP: 5/5
   394 | D:1      | Found a faded altar of an unknown god.
   404 | D:1      | Slain by a ball python

Illustrated notes

Levels and vault maps discovered:
D:1:      eino_arrival_cavern_b, layout_basic, nicolae_ecumenical_snake_handling

Action                   || total
-------------------------++-------
Melee: Unarmed           ||    18
       Constrict         ||     6
       Tentacles         ||     5
       Kick              ||     2
 Cast: Beastly Appendage ||     3
 Stab: Sleeping          ||     3
Armor: Skin              ||     1
Dodge: Dodged            ||     6

Table legend: (Time is in decaauts)
 A = Elapsed time spent in this place.
 B = Non-inter-level travel time spent in this place.
 C = Inter-level travel time spent in this place.
 D = Time resting spent in this place.
 E = Time spent auto-exploring this place.
 F = Levels seen in this place.
 G = Mean time per level.
                   A        B        C        D        E       F      G
               +--------+--------+--------+--------+--------+-----+--------+
         Total |    403 |    403 |      0 |      0 |    326 |   1 |  403.0 |
       Dungeon |    403 |    403 |      0 |      0 |    326 |   1 |  403.0 |
               +--------+--------+--------+--------+--------+-----+--------+

Top non-repeatable levels by time:
     D:1: 403 daAuts
